3L
GRAFTON MIDDIES @ GREENVILLE 84S
09/18/2032
 
TOP OF THE 1ST
Grafton Middies batting - Pitching for Greenville 84s : LHP Coy Broderick
Pitching: LHP Coy Broderick
Batting: LHB Bartolo Soto 0-0: Called Strike
0-1: SINGLE (Line Drive, 9LM)
Batting: RHB Orlando Reyes 0-0: Ball
1-0: Called Strike
1-1: Ball
2-1: Fly out, F8 (Flyball, 8LD)
Batting: RHB Jerry Yates 0-0: Called Strike
0-1: Ball
1-1: Called Strike
1-2: Strikes out looking
Batting: RHB Pedro Santos 0-0: Foul Ball, location: 2F
0-1: Ball
1-1: Ball
2-1: Called Strike
2-2: Strikes out swinging
Top of the 1st over - 0 runs, 1 hit, 0 errors, 1 left on base; Grafton 0 - Greenville 0
BOTTOM OF THE 1ST
Greenville 84s batting - Pitching for Grafton Middies : LHP Luis Torres
Pitching: LHP Luis Torres
Batting: RHB Javier Martínez 0-0: Called Strike
0-1: Ball
1-1: Ball
2-1: Ball
3-1: Base on Balls
Batting: SHB Jorge Barrios 0-0: Ball
1-0: Called Strike
1-1: Swinging Strike
1-2: Ball
Balk!
Javier Martínez to second
2-2: Ball
3-2: Foul Ball, location: 2F
3-2: Foul Ball, location: 2F
3-2: TRIPLE (Flyball, 8RXD)
Javier Martínez scores
Batting: RHB Pedro Castillo 0-0: Called Strike
0-1: Foul Ball, location: 2F
0-2: Ball
1-2: Ball
2-2: Fly out, F9 (Flyball, 89M)
Runner from 3rd tags up, SCORES, throw made
Batting: LHB Miguel Gazivoda 0-0: Called Strike
0-1: Fly out, F8 (Flyball, 8LS)
Batting: RHB Juan García 0-0: Ball
1-0: Ball
2-0: Called Strike
2-1: Ball
3-1: Ground out 5-3 (Groundball, 56)
Bottom of the 1st over - 2 runs, 1 hit, 0 errors, 0 left on base; Grafton 0 - Greenville 2
TOP OF THE 2ND
Grafton Middies batting - Pitching for Greenville 84s : LHP Coy Broderick
Batting: RHB Stefano Gaddi 0-0: Swinging Strike
0-1: Called Strike
0-2: Strikes out swinging
Batting: RHB Carlos Maldonado 0-0: Swinging Strike
0-1: SINGLE (Line Drive, 6M)
Batting: LHB José Zarate 0-0: Swinging Strike
0-1: Swinging Strike
0-2: Strikes out swinging
Batting: RHB Mariano Sánchez 0-0: Called Strike
0-1: Ball
1-1: Foul Ball, location: 2F
1-2: Foul Ball, location: 2F
1-2: Ball
2-2: Foul Ball, location: 2F
2-2: SINGLE (Groundball, 56D)
Carlos Maldonado to second
Batting: LHB Juan Caro 0-0: Foul Ball, location: 2F
0-1: Ball
1-1: Ground out 6-3 (Groundball, 6MS)
Top of the 2nd over - 0 runs, 2 hits, 0 errors, 2 left on base; Grafton 0 - Greenville 2
BOTTOM OF THE 2ND
Greenville 84s batting - Pitching for Grafton Middies : LHP Luis Torres
Batting: SHB Chris Williamson 0-0: Ball
1-0: Ball
2-0: Ball
3-0: Called Strike
3-1: Called Strike
3-2: SINGLE (Flyball, 89S)
Batting: RHB Reece Cockin 0-0: Ball
1-0: Foul Ball, location: 2F
1-1: SINGLE (Popup, 6MD)
Chris Williamson to second
Runner from 2nd tries for 3rd, OUT!
Batting: LHB Craig Morgan 0-0: Ball
1-0: Ball
2-0: Fly out, F7 (Flyball, 78D)
Batting: RHB Edgar Baeza 0-0: Ball
1-0: Ball
2-0: Fly out, F8 (Flyball, 78S)
Bottom of the 2nd over - 0 runs, 2 hits, 0 errors, 1 left on base; Grafton 0 - Greenville 2
TOP OF THE 3RD
Grafton Middies batting - Pitching for Greenville 84s : LHP Coy Broderick
Batting: LHB Bartolo Soto 0-0: Ball
1-0: Called Strike
1-1: Ball
2-1: Ball
3-1: Base on Balls
Pitching: RHP António Marés
Batting: RHB Orlando Reyes 0-0: Ball
Bartolo Soto is caught stealing 2nd base
1-0: Called Strike
1-1: Ground out 6-3 (Groundball, 6)
Batting: RHB Jerry Yates 0-0: Ball
1-0: Swinging Strike
1-1: Swinging Strike
1-2: Ball
2-2: Foul Ball, location: 2F
2-2: Foul Ball, location: 2F
2-2: Ball
3-2: Base on Balls
Batting: RHB Pedro Santos 0-0: Foul Ball, location: 2F
0-1: Swinging Strike
0-2: Strikes out swinging
Top of the 3rd over - 0 runs, 0 hits, 0 errors, 1 left on base; Grafton 0 - Greenville 2
BOTTOM OF THE 3RD
Greenville 84s batting - Pitching for Grafton Middies : LHP Luis Torres
Batting: RHB Javier Martínez 0-0: Ball
1-0: Called Strike
1-1: Foul Ball, location: 2F
1-2: Ball
2-2: Fly out, F4 (Line Drive, 4M)
Batting: SHB Jorge Barrios 0-0: SINGLE (Groundball, 56D)
Batting: RHB Pedro Castillo 0-0: Ball
1-0: Grounds into double play, 1-6-3 (Groundball, 13)
Bottom of the 3rd over - 0 runs, 1 hit, 0 errors, 0 left on base; Grafton 0 - Greenville 2
TOP OF THE 4TH
Grafton Middies batting - Pitching for Greenville 84s : RHP António Marés
Batting: RHB Stefano Gaddi 0-0: Foul Ball, location: 2F
0-1: Foul Ball, location: 2F
0-2: Foul Ball, location: 2F
0-2: Foul Ball, location: 2F
0-2: Strikes out looking
Batting: RHB Carlos Maldonado 0-0: Ball
1-0: Fly out, F8 (Flyball, 89M)
Batting: LHB José Zarate 0-0: Called Strike
0-1: Ball
1-1: Called Strike
1-2: Ball
2-2: Foul Ball, location: 2F
2-2: Ball
3-2: Strikes out looking
Top of the 4th over - 0 runs, 0 hits, 0 errors, 0 left on base; Grafton 0 - Greenville 2
BOTTOM OF THE 4TH
Greenville 84s batting - Pitching for Grafton Middies : LHP Luis Torres
Batting: LHB Miguel Gazivoda 0-0: Fly out, F9 (Flyball, 9LSF)
Batting: RHB Juan García 0-0: Called Strike
0-1: Swinging Strike
0-2: Ball
1-2: Foul Ball, location: 2F
1-2: Foul Ball, location: 2F
1-2: Ball
2-2: Ball
3-2: Strikes out swinging
Batting: SHB Chris Williamson 0-0: Foul Ball, location: 2F
0-1: Foul Ball, location: 2F
0-2: Strikes out swinging, 2-3 out at first.
Bottom of the 4th over - 0 runs, 0 hits, 0 errors, 0 left on base; Grafton 0 - Greenville 2
TOP OF THE 5TH
Grafton Middies batting - Pitching for Greenville 84s : RHP António Marés
Batting: RHB Mariano Sánchez 0-0: Ball
1-0: Ball
2-0: Ground out 5-3 (Groundball, 5L)
Batting: LHB Juan Caro 0-0: Foul Ball, location: 2F
0-1: Ground out 3-1 (Groundball, 2R)
Batting: LHB Bartolo Soto 0-0: Ball
1-0: Ground out 6-3 (Groundball, 6M)
Top of the 5th over - 0 runs, 0 hits, 0 errors, 0 left on base; Grafton 0 - Greenville 2
BOTTOM OF THE 5TH
Greenville 84s batting - Pitching for Grafton Middies : LHP Luis Torres
Batting: RHB Reece Cockin 0-0: Called Strike
0-1: Foul Ball, location: 2F
0-2: Foul Ball, location: 2F
0-2: Strikes out swinging
Batting: LHB Craig Morgan 0-0: Ball
1-0: Ball
2-0: Called Strike
2-1: Foul Ball, location: 2F
2-2: Ball
3-2: Ground out 4-3 (Groundball, 4)
Batting: RHB Edgar Baeza 0-0: Foul Ball, location: 2F
0-1: Foul Ball, location: 2F
0-2: Fly out, F8 (Flyball, 8LD)
Bottom of the 5th over - 0 runs, 0 hits, 0 errors, 0 left on base; Grafton 0 - Greenville 2
TOP OF THE 6TH
Grafton Middies batting - Pitching for Greenville 84s : RHP António Marés
Batting: RHB Orlando Reyes 0-0: Called Strike
0-1: SINGLE (Line Drive, 89M)
Batting: RHB Jerry Yates Balk!
Orlando Reyes to second
0-0: Ball
1-0: Called Strike
1-1: Called Strike
1-2: Ball
2-2: Strikes out looking
Batting: RHB Pedro Santos 0-0: Called Strike
0-1: Called Strike
Orlando Reyes is caught stealing 3rd base
0-2: Strikes out looking
Top of the 6th over - 0 runs, 1 hit, 0 errors, 0 left on base; Grafton 0 - Greenville 2
BOTTOM OF THE 6TH
Greenville 84s batting - Pitching for Grafton Middies : LHP Luis Torres
Batting: RHB Javier Martínez 0-0: Ball
1-0: Swinging Strike
1-1: Ball
2-1: SINGLE (Line Drive, 7LS)
Batting: SHB Jorge Barrios 0-0: Bunt missed!
0-1: Ball
1-1: Bunt missed!
1-2: Ball
2-2: Ball
3-2: Foul Ball, location: 2F
3-2: Foul Ball, location: 2F
3-2: Fly out, F9 (Line Drive, 9)
Batting: RHB Pedro Castillo 0-0: Ball
1-0: Fielders Choice at 2nd, 1-4 (Groundball, 15)
Batting: LHB Miguel Gazivoda 0-0: Ball
1-0: Swinging Strike
1-1: Called Strike
1-2: Strikes out looking
Bottom of the 6th over - 0 runs, 1 hit, 0 errors, 1 left on base; Grafton 0 - Greenville 2
TOP OF THE 7TH
Grafton Middies batting - Pitching for Greenville 84s : RHP António Marés
Batting: RHB Stefano Gaddi 0-0: Ball
1-0: Fly out, F6 (Popup, 6MD)
Batting: RHB Carlos Maldonado 0-0: Ball
1-0: Ball
2-0: Ball
3-0: Called Strike
3-1: Fly out, F7 (Line Drive, 7LM)
Batting: LHB José Zarate 0-0: Ground out 6-3 (Groundball, 6M)
Top of the 7th over - 0 runs, 0 hits, 0 errors, 0 left on base; Grafton 0 - Greenville 2
BOTTOM OF THE 7TH
Greenville 84s batting - Pitching for Grafton Middies : LHP Luis Torres
Batting: RHB Juan García 0-0: Ground out 5-3 (Groundball, 56S)
Batting: SHB Chris Williamson 0-0: Swinging Strike
0-1: Called Strike
0-2: Ball
1-2: Ball
2-2: Foul Ball, location: 2F
2-2: Ball
3-2: Foul Ball, location: 2F
3-2: Reached on error, E3 (Groundball, 3)
Pitching: RHP Marcos Sarmiento
Batting: RHB Reece Cockin 0-0: Ball
1-0: Called Strike
1-1: Ball
2-1: Fly out, F8 (Flyball, 8LD)
Batting: LHB Craig Morgan 0-0: Ball
1-0: Ball
2-0: Foul Ball, location: 2F
2-1: Ball
3-1: Base on Balls
Chris Williamson to second
Batting: RHB Edgar Baeza 0-0: Ball
1-0: Ground out 6-3 (Groundball, 6)
Bottom of the 7th over - 0 runs, 0 hits, 1 error, 2 left on base; Grafton 0 - Greenville 2
TOP OF THE 8TH
Grafton Middies batting - Pitching for Greenville 84s : RHP António Marés
Batting: RHB Mariano Sánchez 0-0: SINGLE (Groundball, 56D)
Batting: LHB Juan Caro 0-0: Swinging Strike
0-1: Ball
1-1: Fly out, F7 (Flyball, 7LMF)
Batting: LHB Bartolo Soto 0-0: Ball
1-0: Fielders Choice at 2nd, 1-6 (Groundball, 13)
Batting: RHB Orlando Reyes 0-0: Swinging Strike
0-1: Ball
1-1: Ball
2-1: DOUBLE (Line Drive, 89D)
Bartolo Soto to third
Runner from 3rd tries for Home, SAFE, no throw
Pitching: RHP Colijn de Goedere
Batting: RHB Jerry Yates 0-0: Ball
1-0: Swinging Strike
1-1: Foul Ball, location: 2F
1-2: Ground out 4-3 (Groundball, 4)
Top of the 8th over - 1 run, 2 hits, 0 errors, 1 left on base; Grafton 1 - Greenville 2
BOTTOM OF THE 8TH
Greenville 84s batting - Pitching for Grafton Middies : RHP Marcos Sarmiento
Batting: RHB Javier Martínez 0-0: Ball
1-0: Ball
2-0: Called Strike
2-1: Ball
3-1: Foul Ball, location: 2F
3-2: Base on Balls
Batting: SHB Jorge Barrios 0-0: Sac Bunt - play at first, batter OUT! 2-4
Javier Martínez to second
Batting: RHB Pedro Castillo 0-0: Foul Ball, location: 2F
0-1: Foul Ball, location: 2F
0-2: Strikes out looking
Batting: LHB Miguel Gazivoda 0-0: Intentional Walk
Batting: RHB Juan García 0-0: Ball
1-0: Foul Ball, location: 2F
1-1: Fly out, F8 (Flyball, 8LD)
Bottom of the 8th over - 0 runs, 0 hits, 0 errors, 2 left on base; Grafton 1 - Greenville 2
TOP OF THE 9TH
Grafton Middies batting - Pitching for Greenville 84s : RHP Colijn de Goedere
Batting: RHB Pedro Santos 0-0: Foul Ball, location: 2F
0-1: Ball
1-1: Ball
2-1: Ground out 4-3 (Groundball, 4MD)
Batting: RHB Stefano Gaddi 0-0: SINGLE (Flyball, 7S)
Batting: RHB Carlos Maldonado 0-0: Swinging Strike
0-1: SINGLE (Line Drive, 78S)
Stefano Gaddi to second
Batting: LHB José Zarate 0-0: Ball
1-0: Foul Ball, location: 2F
1-1: Foul Ball, location: 2F
1-2: Ball
2-2: Foul Ball, location: 2F
2-2: DOUBLE (Groundball, 5L)
Stefano Gaddi scores
Carlos Maldonado to third
Pinch Hitting: RHB Scott Donlan 0-0: Intentional Walk
Batting: LHB Juan Caro 0-0: Called Strike
0-1: Swinging Strike
0-2: Foul Ball, location: 2F
0-2: SINGLE (Line Drive, 34)
Carlos Maldonado scores
José Zarate to third
Scott Donlan to second
Pitching: LHP Billy Grange
Batting: LHB Bartolo Soto 0-0: Grounds into double play, 3-2-3 (Groundball, 3L)
Top of the 9th over - 2 runs, 4 hits, 0 errors, 2 left on base; Grafton 3 - Greenville 2
BOTTOM OF THE 9TH
Greenville 84s batting - Pitching for Grafton Middies : RHP Marcos Sarmiento
Pitching: RHP Kenete Daku
Now in LF: Jordan Hollins
Batting: SHB Chris Williamson 0-0: Called Strike
0-1: Called Strike
0-2: Ball
1-2: Ball
2-2: Ball
3-2: Foul Ball, location: 2F
3-2: Ground out 1-3 (Groundball, P)
Pinch Hitting: RHB Thom Beach 0-0: Called Strike
0-1: Ball
1-1: Ball
2-1: Swinging Strike
2-2: Ground out 4-3 (Groundball, 4)
Batting: LHB Craig Morgan 0-0: Ball
1-0: Called Strike
1-1: Swinging Strike
1-2: Ball
2-2: Foul Ball, location: 2F
2-2: Foul Ball, location: 2F
2-2: Foul Ball, location: 2F
2-2: Foul Ball, location: 2F
2-2: Ball
3-2: Base on Balls
Batting: RHB Edgar Baeza 0-0: Ball
1-0: Swinging Strike
1-1: Foul Ball, location: 2F
1-2: Ball
2-2: Strikes out swinging
Bottom of the 9th over - 0 runs, 0 hits, 0 errors, 1 left on base; Grafton 3 - Greenville 2
Wednesday, September 19th, 2018 - OOTP Baseball 18.8 Build 76